 Dungeon Crawl Stone Soup version 0.13.0-17-g5f0e85f (webtiles) character file.

522 Kejsarherre the Skirmisher (level 5, -2/41 HPs)
             Began as a Hill Orc Wanderer on Oct 21, 2013.
             Slain by an iguana (13 damage)
             ... on Level 4 of the Dungeon.
             The game lasted 00:05:22 (3156 turns).

Kejsarherre the Skirmisher (Hill Orc Wanderer)      Turns: 3156, Time: 00:05:23

HP  -2/41        AC  6     Str 20      XL: 5   Next: 72%
MP  10/10        EV 10     Int 13      God:
Gold 329         SH  0     Dex  7      Spells:  0 memorised,  8 levels left

Res.Fire  : . . .   See Invis. : +   g - +3,+1 elf short sword (speed)
Res.Cold  : . . .   Warding    : .   y - +2 orc leather armour {rN+}
Life Prot.: + . .   Conserve   : .   (no shield)
Res.Poison: .       Res.Corr.  : .   (no helmet)
Res.Elec. : .       Clarity    : .   (no cloak)
Sust.Abil.: . .     Spirit.Shd : .   h - +0 pair of gauntlets
Res.Mut.  : .       Stasis     : .   (no boots)
Res.Rott. : .       Flight     : .   (no amulet)
Saprovore : + . .                    E - ring of see invisible
                                     F - +2 ring of strength

@: slightly resistant to hostile enchantments, very unstealthy
A: saprovore 1
a: no special abilities


You were on level 4 of the Dungeon.
You were hungry.

You visited 1 branch of the dungeon, and saw 4 of its levels.

You collected 279 gold pieces.

Inventory:

Hand weapons
 g - a +3,+1 elven short sword of speed (weapon)
Armour
 h - a +0 pair of gauntlets (worn)
 n - a +0 ring mail
 q - a +0 plate armour
 y - a +2 orcish leather armour of positive energy (worn)
Magical devices
 f - a wand of cold (8)
 s - a wand of slowing (12)
Comestibles
 d - 3 meat rations
 k - an apple
 r - 3 bread rations
 H - 7 sultanas
Scrolls
 c - 2 scrolls of blinking {unknown}
 e - 2 scrolls of amnesia {unknown}
 j - 2 scrolls of recharging {unknown}
 l - 3 scrolls of enchant armour {unknown}
 m - 4 scrolls of teleportation
 p - 2 scrolls of curse armour {unknown}
 u - a scroll of remove curse {unknown}
 w - a scroll of curse weapon {unknown}
 B - a scroll of random uselessness {unknown}
 D - a scroll of noise {unknown}
 G - a scroll of enchant weapon II {unknown}
Jewellery
 C - an uncursed ring of flight
 E - a ring of see invisible (right hand)
 F - a +2 ring of strength (left hand)
Potions
 b - a potion of brilliance
 i - a potion of invisibility {unknown}
 o - 2 potions of agility {unknown}
 t - a potion of beneficial mutation {unknown}
 x - a potion of might {unknown}
 z - a potion of heal wounds {unknown}
 A - 5 potions of curing
Books
 a - a book of Minor Magic

   Spells                             Type                      Level
   Magic Dart                         Conjuration                  1
   Blink                              Translocation                2
   Call Imp                           Summoning                    2
   Repel Missiles                     Charms/Air                   2
   Slow                               Hexes                        2
   Conjure Flame                      Conjuration/Fire             3
   Mephitic Cloud                     Conjuration/Poison/Air       3
 v - a book of Spatial Translocations

   Spells                             Type                      Level
   Apportation                        Translocation                1
   Portal Projectile                  Translocation                2
   Blink                              Translocation                2
   Shroud of Golubria                 Charms/Translocation         2
   Teleport Other                     Translocation                3
   Passage of Golubria                Translocation                4


   Skills:
 + Level 4.5 Fighting
 + Level 3.7 Armour
 - Level 2.4 Spellcasting
   Level 3.0 Conjurations
   Level 2.0 Summonings
   Level 2.4 Invocations


You had 8 spell levels left.
You didn't know any spells.

Dungeon Overview and Level Annotations

Branches:
Dungeon (4/27)
 Temple: D:4-7

Altars:
Nemelex Xobeh


Innate Abilities, Weirdness & Mutations

You can tolerate rotten meat.


Message History

You are too injured to fight recklessly!
You hit the iguana but do no damage.
The iguana is almost dead.
The iguana completely misses you.
You hit the iguana but do no damage.
The iguana is almost dead.
You hit the iguana but do no damage.
The iguana is almost dead.
The iguana bites you.
* * * LOW HITPOINT WARNING * * *
You closely miss the iguana.
The iguana is almost dead.
You hit the iguana.
The iguana is almost dead.
The iguana bites you but does no damage.
You hit the iguana but do no damage.
The iguana is almost dead.
The iguana hisses menacingly.
The iguana bites you!
You die...

... ### ......... #..
.....[..... .####.
............. ..#.#..
............... ........
............... ........
............... ....(...
.......l.................
........@...............)
.........................
#(........................
#.........................
#.........................
....................>....
#.........................
#................... ....#
#.................. .


You could see an iguana.

Vanquished Creatures
  Ijyb (D:2)
  8 adders
  2 grey rats (D:1)
  2 giant eyeballs (D:4)
  An ooze (D:2)
  An orc (D:4)
  2 ball pythons
  4 bats
  A bat skeleton (D:4)
  6 giant cockroaches
  10 goblins
  13 hobgoblins
  4 jackals (D:2)
  A quokka (D:2)
  6 giant newts
  15 kobolds
  An orc skeleton (D:4)
  15 rats
93 creatures vanquished.

Notes
Turn   | Place    | Note
--------------------------------------------------------------
     0 | D:1      | Kejsarherre, the Hill Orc Wanderer, began the quest for the Orb.
     0 | D:1      | Reached XP level 1. HP: 15/15 MP: 3/3
   198 | D:1      | Reached skill level 1 in Fighting
   286 | D:1      | Reached XP level 2. HP: 22/22 MP: 5/5
   435 | D:1      | Reached XP level 3. HP: 26/28 MP: 6/6
   818 | D:2      | Reached skill level 1 in Armour
  1329 | D:2      | Reached XP level 4. HP: 35/35 MP: 8/8
  1423 | D:2      | Noticed Ijyb
  1458 | D:2      | Killed Ijyb
  2029 | D:3      | Reached skill level 4 in Fighting
  2104 | D:3      | Reached XP level 5. HP: 18/41 MP: 10/10
  2586 | D:4      | Paralysed by a giant eyeball for 3 turns
  2659 | D:4      | Found a sparkling altar of Nemelex Xobeh.
  2896 | D:4      | Paralysed by a giant eyeball for 3 turns
  3156 | D:4      | Slain by an iguana

Action                   |  1- 3 |  4- 6 || total
-------------------------+-------+-------++-------
Melee: Short sword       |   152 |   318 ||   470
Evoke: Wand              |     1 |     2 ||     3
  Use: Scroll            |       |     3 ||     3
